 Dungeon Crawl Stone Soup version 0.28-a0-691-gad6df49e81 (webtiles) character file.

Game seed: 4870807404376400441

7259 kae the Martial Artist (level 10, -7/103 HPs)
             Began as a White Draconian Transmuter on Oct 20, 2021.
             Was a Believer of Wu Jian.
             Mangled by a wyvern zombie (10 damage)
             ... on level 9 of the Dungeon.
             The game lasted 00:08:13 (13330 turns).

kae the Martial Artist (DrTm)                      Turns: 13330, Time: 00:08:13

Health: -7/103     AC:  8    Str: 15    XL:     10   Next: 88%
Magic:  13/13      EV: 11    Int: 16    God:    Wu Jian [**....]
Gold:   383        SH:  0    Dex: 13    Spells: 5/13 levels left

rFire   + . .      SeeInvis .     - Unarmed
rCold   + + +      Faith    .   (shield currently unavailable)
rNeg    . . .      Spirit   .   (armour unavailable)
rPois   +          Reflect  .   (helmet currently unavailable)
rElec   .          Harm     .   (cloak currently unavailable)
rCorr   .          Rampage  .   (gloves currently unavailable)
Will    .....                   (boots currently unavailable)
Stlth   +.........              (no amulet)
HPRegen 0.27/turn               d - ring of protection from fire
MPRegen 0.13/turn               s - ring "Iqaal" {Fly rF+ Str+3}

@: ice-form, flying
A: freezing attack, amphibious, boosted hp, (breathe frost), AC +7, large,
unfitting armour, (cold resistance 1), (cold-blooded)
a: End Transformation, Renounce Religion, Wall Jump


You were on level 9 of the Dungeon.
You worshipped Wu Jian.
Wu Jian was pleased with you.
You were a creature of crystalline ice.
You visited 2 branches of the dungeon, and saw 10 of its levels.
You also visited: Sewer.

You collected 383 gold pieces.

Inventory:

Missiles
 y - 6 throwing nets
Armour
 x - a +0 cloak (melded)
Jewellery
 d - a ring of protection from fire (left front paw)
 g - a ring of fire
 k - an amulet of faith
 s - the ring "Iqaal" (right front paw) {Fly rF+ Str+3}
   (You found it on level 6 of the Dungeon)

   [ring of flight]

   Str:       It affects your strength (+3).
   rF:        It protects you from fire.
   Fly:       It grants you flight.
 v - an amulet of the acrobat
Wands
 m - a wand of polymorph (3)
 r - a wand of paralysis (6)
 t - a wand of flame (33)
Scrolls
 b - 5 scrolls of amnesia
 e - 2 scrolls of magic mapping
 h - a scroll of enchant armour
 j - 2 scrolls of vulnerability
 n - 4 scrolls of teleportation
 q - 2 scrolls of fog
 z - a scroll of fear {unknown}
Potions
 a - a potion of mutation
 c - 3 potions of curing
 f - 3 potions of degeneration
 i - a potion of might
 l - a potion of cancellation
 o - 4 potions of haste
 p - a potion of magic {unknown}
 u - 2 potions of brilliance
 w - 2 potions of flight


   Skills:
 + Level 7.3 Fighting
 + Level 4.2 Dodging
 * Level 10.1 Unarmed Combat
 - Level 2.0 Spellcasting
 * Level 9.1 Transmutations
 - Level 6.0 Ice Magic
 - Level 2.0 Poison Magic
 + Level 4.1 Evocations


You had 5 spell levels left.
You knew the following spells:

 Your Spells              Type           Power      Damage    Failure   Level
a - Beastly Appendage     Tmut           60%        N/A       1%          1
b - Spider Form           Tmut/Pois      9%         N/A       6%          3
c - Ice Form              Ice/Tmut       25%        N/A       10%         4

Your spell library contained the following spells:

 Spells                   Type           Power      Damage    Failure   Level
 Wereblood                Tmut           30%        N/A       1%          2
 Animate Skeleton         Necr           2%         N/A       21%         1
 Pain                     Necr           4%         1d4       21%         1
 Vampiric Draining        Necr           0%         2d6       52%         3


Dungeon Overview and Level Annotations

Branches:
Dungeon (9/15)             Temple (1/1) D:7            Lair (0/6) D:8
    Orc (0/2) D:9           Sewer (visited)

Altars:
Ashenzari
Cheibriados
Elyvilon
Fedhas
Gozag
Hepliaklqana
Kikubaaqudgha
Makhleb
Nemelex Xobeh
Okawaru
Qazlal
Ru
Sif Muna
Trog
Uskayaw
Vehumet
Wu Jian
Xom
Yredelemnul
The Shining One

Annotations:
D:8 1 runed translucent door


Innate Abilities, Weirdness & Mutations

You are a creature of crystalline ice.
You have a powerful freezing melee attack.
You are amphibious.
Your maximum health is increased.
Your armour is entirely melded.
You are incapable of wielding weapons or throwing items.
((You can breathe waves of freezing cold which knock back foes.))
((Your icy white scales are hard. (AC +7)))
You cannot fit into any form of body armour.
((Your flesh is cold resistant. (rC+)))
((You are cold-blooded and may be slowed by cold attacks.))


Message History

The orc warrior hits you with a +0 trident!
You barely miss the orc warrior.
The orc warrior is moderately wounded.
The orc warrior hits you from afar with a +0 trident!
The centaur zombie hits you but does no damage.
The centaur zombie kicks you. Something hits you.
You punch the orc warrior! You freeze the orc warrior.
The orc warrior is severely wounded.
The orc warrior hits you with a +0 trident!
* * * LOW HITPOINT WARNING * * *
The orc warrior hits you from afar with a +0 trident!
* * * LOW HITPOINT WARNING * * *
The centaur zombie misses you. The centaur zombie kicks you.
* * * LOW HITPOINT WARNING * * *
Okay, then.
You spin and attack the centaur zombie.
You hit the centaur zombie.
The centaur zombie is almost destroyed.
Something barely misses you.
The orc warrior hits you from afar with a +0 trident.
* * * LOW HITPOINT WARNING * * *
The centaur zombie hits you but does no damage.
The centaur zombie barely misses you. Something hits you but does no damage.
An orc warrior and a zombie come into view.
A centaur comes into view.
The centaur shouts!
The centaur wields a +0 shortbow.
The centaur shoots an arrow.
The arrow hits you.
* * * LOW HITPOINT WARNING * * *
A centaur comes into view.
The centaur wields a +0 shortbow.
The centaur shoots an arrow.
The arrow hits you!
* * * LOW HITPOINT WARNING * * *
Okay, then.
You feel better.
The wyvern zombie bites you but does no damage.
You reach down and open the door.
The wyvern zombie bites you!
* * * LOW HITPOINT WARNING * * *
The wyvern zombie bites you!
You die...

# ... ####### # .... ###(.?$)###
## #.... ##...oo....## .##.....
##.....Z.)...## .#......
#....#####....# ...# ...
#...#....)#)..# ...#....
#..#.......#..### .............
#.#....⌠....#.#.# .............
##Y.⌠.....⌠..##.##
.####..........'.Z.........'...#
##.##..##.....##..cc....⌠..##..#
....<..# #.... .#....⌠....#.#..#
>.##....##...##..#.......#..##.#
#.# ...##.....#...#.....#o .##.#
..#...........#.. #####. .##.#
..............## ###.##
..............# ##..#


You could see 2 centaurs and a wyvern zombie.

Vanquished Creatures
  Pikel (D:4)
  5 wyverns
  Eustachio (D:6)
  9 yaks
  A basilisk (D:8)
  A steam dragon (D:6)
  An acid dragon (D:6)
  6 water moccasins
  2 orc warriors
  A hornet zombie (D:7)
  4 necrophages
  2 ogres
  A lemure (D:4)
  3 centaurs
  A bullfrog (D:6)
  2 gnoll sergeants
  3 kobold brigands
  4 scorpions
  4 wights (D:8)
  2 howler monkeys
  7 hounds
  3 jellies
  3 orc priests
  Crazy Yiuf (D:7)
  3 centaur zombies
  2 gnoll shamans (D:8)
  A centaur skeleton (D:6)
  A bullfrog skeleton (D:6)
  2 iguanas
  Natasha (thrice) (D:2)
  8 orc wizards
  A howler monkey zombie (D:9)
  11 adders
  19 gnolls
  2 river rats (Sewer)
  2 white imps
  A worm (Sewer)
  2 dart slugs
  30 orcs
  6 endoplasms
  5 giant cockroaches
  4 goblins
  5 hobgoblins
  3 jackals (D:8)
  5 quokkas
  9 ball pythons
  A bat (D:3)
  2 frilled lizards
  A jackal skeleton (D:4)
  20 kobolds
  9 rats
226 creatures vanquished.

Vanquished Creatures (others)
  An orc (D:8)
  2 fungi (D:8)
  18 plants
21 creatures vanquished.

Grand Total: 247 creatures vanquished

Notes
Turn   | Place    | Note
-------+----------+-------------------------------------------
     0 | D:1      | kae the Draconian Transmuter began the quest for the Orb.
     0 | D:1      | Reached XP level 1. HP: 16/16 MP: 3/3
   167 | D:1      | Reached XP level 2. HP: 16/23 MP: 5/5
   424 | D:1      | Found a faded altar of an unknown god.
  1059 | D:2      | Noticed Natasha
  1261 | D:2      | Killed Natasha
  1262 | D:2      | Reached XP level 3. HP: 21/29 MP: 4/6
  1266 | D:2      | Learned a level 3 spell: Spider Form
  1428 | D:2      | Noticed Natasha
  1442 | D:2      | Killed Natasha
  1443 | D:2      | Reached skill level 4 in Unarmed Combat
  1443 | D:2      | Reached XP level 4. HP: 10/36 MP: 5/7
  1473 | D:2      | Noticed Natasha
  1768 | D:2      | Killed Natasha
  1769 | D:2      | Reached skill level 1 in Poison Magic
  2018 | D:2      | Reached XP level 5. HP: 7/42 MP: 4/8
  3380 | D:4      | Learned a level 4 spell: Ice Form
  3453 | D:4      | Reached XP level 6. HP: 50/51 MP: 7/9
  3629 | D:4      | Reached skill level 5 in Unarmed Combat
  3711 | D:4      | Noticed Pikel
  3727 | D:4      | Killed Pikel
  3728 | D:4      | Your scales start taking on an icy white colour.
  3728 | D:4      | Reached XP level 7. HP: 44/58 MP: 7/10
  3728 | D:4      | Gained mutation: Your flesh is cold resistant. (rC+) [White
                  | Draconian growth]
  3757 | D:4      | Reached skill level 6 in Unarmed Combat
  3805 | D:4      | Found a snail-covered altar of Cheibriados.
  4422 | D:5      | Entered Level 5 of the Dungeon
  4625 | D:5      | Found a glowing drain.
  4629 | Sewer    | Entered a sewer
  4853 | Sewer    | Reached XP level 8. HP: 58/66 MP: 9/11
  5289 | D:5      | Reached skill level 5 in Transmutations
  5289 | D:5      | Reached skill level 5 in Ice Magic
  5808 | D:5      | Reached skill level 7 in Unarmed Combat
  6266 | D:5      | Reached skill level 5 in Fighting
  6879 | D:6      | Reached XP level 9. HP: 74/74 MP: 7/12
  6915 | D:6      | Identified the ring "Iqaal" {Fly rF+ Str+3}
  7041 | D:6      | Noticed Eustachio
  7056 | D:6      | Killed Eustachio
  7357 | D:6      | Reached skill level 8 in Unarmed Combat
  8322 | D:7      | Found a staircase to the Ecumenical Temple.
  8496 | Temple   | Entered the Ecumenical Temple
  8608 | Temple   | Became a worshipper of the Wu Jian Council
  8659 | D:7      | Reached skill level 1 in Evocations
  8969 | D:7      | Found a runed translucent door.
  8970 | D:7      | Noticed Crazy Yiuf
  9303 | D:7      | Killed Crazy Yiuf
  9480 | D:8      | Found a staircase to the Lair.
 10568 | D:7      | Reached skill level 9 in Unarmed Combat
 10568 | D:7      | Reached XP level 10. HP: 84/84 MP: 8/13
 10996 | D:8      | Reached * piety under Wu Jian
 11681 | D:8      | Found a runed translucent door.
 11683 | D:8      | Noticed a sixfirhy
 12532 | D:9      | Found a glowing golden altar of the Shining One.
 12687 | D:9      | Reached ** piety under Wu Jian
 12890 | D:9      | Found a staircase to the Orcish Mines.
 12973 | D:9      | Reached skill level 10 in Unarmed Combat
 13328 | D:9      | HP: 2/103 [centaur/arrow (9)]
 13330 | D:9      | Mangled by a wyvern zombie

Illustrated notes

Levels and vault maps discovered:
D:1:      dpeg_arrival_round_b, layout_loops_ring,
          chequers_ecumenical_altar_simple
D:2:      layout_rooms, serial_forest, infiniplex_forest_straight_1,
          infiniplex_forest_clump_diagonal, infiniplex_forest_corner_2,
          infiniplex_forest_straight_3, infiniplex_forest_straight_4,
          infiniplex_forest_clump_curved, infiniplex_forest_lined_3,
          infiniplex_forest_lined_3_way, infiniplex_forest_end_3,
          feat_on_display, uniq_natasha
D:3:      layout_rooms, minmay_misc_feat_five
D:4:      layout_basic, lemuel_crystal_altar, uniq_pikel
D:5:      layout_basic, gup_sewer_entry_bowl, chequers_mini_garden
D:6:      layout_basic, uniq_eustachio
D:7:      layout_cave_pods, minmay_temple_entry_drinking_statues,
          uniq_crazy_yiuf_cottage
D:8:      cheibrodos_shockbox, layout_cave_pools, minmay_lair_entry_grove,
          serial_gnoll_camp, gnoll_camp_medium_01, gnoll_camp_mini_doghouse,
          gnoll_camp_mini_hut, gnoll_camp_mini_doghouse
D:9:      kennysheep_ambush_hall, layout_cave_pools,
          mainiacjoe_overflow_concentric_impassable, orc_0_dummy
Temple:   hc_temple_tempest_star

Skill      XL: |  1  2  3  4  5  6  7  8  9 10 |
---------------+-------------------------------+-----
Fighting       | 2 3 4 5 6 7 |  7.3
Unarmed Combat | 4 5 6 7 9 10 | 10.1
Poison Magic   | 1 2 |  2.0
Transmutations | 3 4 6 7 9 |  9.1
Ice Magic      | 3 4 6 |  6.0
Dodging        | 3 4 |  4.2
Evocations     | 2 4 |  4.1
Spellcasting   | |  2.0

Action                   |  1- 3 |  4- 6 |  7- 9 | 10-12 || total
-------------------------+-------+-------+-------+-------++-------
Melee: Unarmed           |    76 |   117 |   252 |   214 ||   659
       Tailslap          |     9 |     3 |     2 |       ||    14
       Kick              |    15 |    12 |     2 |       ||    29
       Headbutt          |     4 |     7 |       |       ||    11
       Punch             |     1 |     1 |     1 |       ||     3
 Cast: Beastly Appendage |    18 |    16 |     1 |       ||    35
       Spider Form       |       |     6 |    18 |       ||    24
       Ice Form          |       |       |    25 |    18 ||    43
Invok: Whirlwind         |       |       |       |    13 ||    13
       Lunge             |       |       |       |    11 ||    11
 Abil: Breathe Frost     |       |       |     2 |       ||     2
  Use: Scroll            |     1 |     8 |    11 |     2 ||    22
       Potion            |       |       |     5 |     2 ||     7
 Stab: Sleeping          |     2 |     1 |       |     1 ||     4
Armor: Skin              |    19 |    32 |    68 |    80 ||   199
Dodge: Dodged            |    35 |    72 |   163 |   134 ||   404

Table legend: (Time is in decaauts)
 A = Elapsed time spent in this place.
 B = Non-inter-level travel time spent in this place.
 C = Inter-level travel time spent in this place.
 D = Time resting spent in this place.
 E = Time spent auto-exploring this place.
 F = Levels seen in this place.
 G = Mean time per level.
                   A        B        C        D        E       F      G
               +--------+--------+--------+--------+--------+-----+--------+
         Total |  13343 |  12943 |    400 |    257 |  10985 |  11 | 1213.0 |
       Dungeon |  12265 |  11878 |    387 |    257 |  10106 |   9 | 1362.8 |
        Temple |    435 |    422 |     13 |      0 |    400 |   1 |  435.0 |
         Sewer |    642 |    642 |      0 |      0 |    478 |   1 |  642.0 |
               +--------+--------+--------+--------+--------+-----+--------+

Top non-repeatable levels by time:
     D:7: 2186 daAuts
     D:8: 1798 daAuts
     D:6: 1658 daAuts
     D:1: 1427 daAuts
     D:5: 1388 daAuts
     D:4: 1148 daAuts
     D:2: 1140 daAuts
     D:9: 814 daAuts
     D:3: 702 daAuts
   Sewer: 642 daAuts
  Temple: 435 daAuts
